Map: Dusk Towers

Players

Flox

  • Race: Terran Terran
  • League: Master

A.I. 1 (Very Easy) - Winner!

  • Race: Zerg Zerg

VOD

Have the link to the VOD?

Description

Hi,
This is the best build, as in: I tried out all the possible mass reaper builds and this one came out as most reapers at a certain time and economically even to the other builds.

This is a very micro-intensive build because if you lose your reaper "ball" you kinda lose the game. Most people say mass reapers is a build for the lower leagues but as a master terran i can say that I haven't lost a TvZ with this build in a week.

For this build to work out you need to have great micro and make good use of the "KD-8-charge", you can even efficiently trade with roaches this way.

I hope this helps you beat the many zergs on the ladder with this fun and micro-intensive build.

GL HF,
Flox

PS: I will look if I can find some good replays where i do the build against roaches and another with lings.

Time

  • Played on: Nov. 29, 2015, 9:52 a.m.
  • Length: 4:04
Show
View Real Time Build Order
Export as new Build Order

Flox Terran 

Build Orders:  

Get SALT Encoding   

  12  0:00  SCV  
  13  0:12  SCV  
  14  0:17  Supply Depot  
  14  0:25  SCV  
  15  0:39  SCV  
  15  0:41  Barracks  
  16  0:46  Refinery  
  16  0:51  SCV  
  17  1:01  Barracks  
  17  1:03  SCV  
  18  1:15  SCV  
  19  1:20  Barracks  
  19  1:28  Refinery  
  19  1:29  Reaper  
  20  1:42  Orbital Command  
  20  1:49  Reaper  
  21  1:55  Supply Depot  
  21  2:01  Reaper  
  21  2:08  SCV  
  23  2:16  Reaper  
  23  2:17  Supply Depot  
  23  2:21  SCV  
  25  2:23  Reaper  
  26  2:33  SCV  
  26  2:34  Reaper  
  28  2:40  Barracks  
  28  2:45  SCV  
  28  2:48  Reaper  
  30  2:54  Supply Depot  
  30  2:55  Reaper  
  30  2:57  SCV  
  32  3:06  Reaper  
  32  3:09  SCV  
  34  3:21  SCV, Reaper  
  36  3:27  Reaper  
  36  3:28  Reaper  
  38  3:35  SCV  
  40  3:44  Command Center  
  40  3:50  SCV  
Show
View Real Time Build Order
Export as new Build Order

A.I. 1 (Very Easy) Zerg - Winner!

Build Orders: Hatch First 

Get SALT Encoding   

  12  0:01  Drone  
  13  0:12  Overlord  
  13  0:17  Drone  
  14  0:42  Hatchery  
  13  0:45  Drone  
  14  1:03  Spawning Pool  
  13  1:06  Extractor  
  13  1:07  Drone  
  13  1:14  Drone  
  14  1:20  Overlord  
  14  1:50  Zergling x2  
  14  1:51  Queen  
  14  1:52  Zergling x2  
  18  1:58  Roach Warren  
  17  2:02  Drone  
  17  2:07  Extractor  
  17  2:11  Drone  
  18  2:15  Zergling x2  
  18  2:20  Drone  
  20  2:27  Drone  
  21  2:34  Drone  
  22  2:41  Drone  
  23  2:48  Drone  
  24  2:56  Drone  
  25  3:03  Drone  
  26  3:06  Roach  
  26  3:08  Overlord  
  26  3:11  Drone  
  29  3:19  Drone  
  30  3:26  Drone  
  31  3:33  Drone  
  32  3:40  Overlord  
  32  3:43  Drone  
  33  3:50  Drone  
Tags
 
League
Master
Matchup
TvZ
Strategy
Cheese
Add a new tag
Caveats
  • Supply blocks, unpowered buildings, or Contaminate may cause inaccurate times.
  • Supply counts are checked every 10 seconds.